 Dungeon Crawl Stone Soup version 0.32-a0-612-g1c984fe9d1 (webtiles) character file.

Game seed: 12444432984331329199

123 Ruich the Caller (level 5, -6/28 HPs)
             Began as a Tengu Summoner on Mar 5, 2024.
             Killed by divine providence
             ... invoked by an orc priest
              (16 damage)
             ... on level 3 of the Dungeon.
             The game lasted 00:04:45 (2502 turns).

Ruich the Caller (Tengu Summoner)                   Turns: 2502, Time: 00:04:46

Health: -6/28      AC:  5    Str: 14    XL:     5   Next: 7%
Magic:  6/10       EV: 12    Int: 18    God:
Gold:   155        SH:  0    Dex: 14    Spells: 2/10 levels left

rFire   . . .        h - +4 short sword
rCold   . . .        (no shield)
rNeg    . . .        a - +0 robe
rPois   .            (helmet restricted)
rElec   .            g - +2 cloak
rCorr   .            (no gloves)
SInv    .            (boots unavailable)
Will    .....        (no amulet)
Stlth   ++           f - +6 ring of strength
HPRegen 0.24/turn    (no ring)
MPRegen 0.12/turn

%: acrobat
@: inugami summoned
A: beak, talons 3, acrobatic
a: Convert to Beogh


You were on level 3 of the Dungeon.
You visited 1 branch of the dungeon, and saw 3 of its levels.

You collected 155 gold pieces.


Innate Abilities, Weirdness & Mutations

You have a beak for a mouth.
You have claws for feet.
You can magically evade attacks while moving or waiting.


   Skills:
 - Level 2.2 Dodging
 - Level 2.0 Stealth
 - Level 3.0 Spellcasting
 + Level 6.5 Summonings
 + Level 1.1 Fire Magic


You had 2 spell levels left.
You knew the following spells:

 Your Spells              Type           Power      Damage    Failure   Level
c - Call Canine Familiar  Summ           26%        N/A       3%          3
z - Summon Small Mammal   Summ           100%       N/A       1%          1
X - Summon Blazeheart Go  Fire/Summ      16%        N/A       32%         4

Your spell library contained the following spells:

 Spells                   Type           Power      Damage    Failure   Level
 Call Imp                 Summ           52%        N/A       1%          2
 Summon Lightning Spire   Summ/Air       14%        N/A       38%         4

Inventory:

Hand Weapons
 h - a +4 short sword (weapon)
Armour
 a - a +0 robe (worn)
 g - a +2 cloak (worn)
Jewellery
 f - a +6 ring of strength (left hand)
 k - a ring of fire
Talismans
 m - a serpent talisman
Scrolls
 d - 5 scrolls of identify {unknown}
 e - 2 scrolls of fog {unknown}
 i - a scroll of teleportation {unknown}
 j - a scroll of revelation {unknown}
 p - a scroll of fear {unknown}
 q - a scroll of vulnerability {unknown}
Potions
 b - a potion of magic
 c - 3 potions of heal wounds {unknown}
 l - a potion of attraction {unknown}
 n - a potion of curing {unknown}
 o - a potion of invisibility {unknown}

Dungeon Overview and Level Annotations

Branches:
Dungeon (3/15)

Altars:

######## b.r....# #######
######r# #...[.# ######.#
#.###.### §.{oo#.# #.......#
####.#.#################.#.#
# #.#.........o@bh..))).#.#
# #o##################..#.#
# #o# #.........(....§..#.#
o....# #.##############.##.#
###### #.#............#....#
#.#.#########.#######
#.#......####.##
#.######.##<...#
#..[...........#


You could see an orc priest (ally target), a friendly inugami (summoned) and a
friendly bat (summoned).


Message History

Things that are here:
a +0 dagger; a +0 robe; an orc corpse You puncture the orc!
You kill the orc!
Things that are here:
a +0 club; a +0 scale mail You start resting.
An orc priest comes into view. It is wielding a +0 hand axe.
An orc priest is nearby!
The orc priest mumbles some strange prayers to Beogh against you.
Beogh smites you!
* * * LOW HITPOINT WARNING * * *
The orc priest threatens, "Beogh's wrath is as vast as their mercy.
Make your choice!" (press Y on the ability menu to convert to Beogh)
The orc priest closely misses you.
You hit the orc priest but do no damage.
You claw the orc priest.
The orc priest is moderately wounded.
The orc priest shouts, "The Pantheon deserves no one's loyalty.
Let us show you the true path!"
You hit the orc priest. You claw the orc priest.
The orc priest is severely wounded.
* * * LOW HITPOINT WARNING * * *
You barely miss the orc priest.
The orc priest threatens, "Beogh's wrath is as vast as their mercy.
Make your choice!"
Your kick misses the orc priest.
The orc priest is severely wounded.
The orc priest calls down the wrath of Beogh upon you.
Beogh smites you!
Ouch! That really hurt!
You die...

Skill      XL: |  1  2  3  4 |
---------------+-------------+-----
Summonings     | 5 6 |  6.5
Spellcasting   | 3 |  3.0
Fire Magic     | 1 |  1.1
Dodging        | |  2.2
Stealth        | |  2.0

Action                     |  1- 3 |  4- 6 || total
---------------------------+-------+-------++-------
  Melee: Unarmed           |    39 |       ||    39
         Kick              |    18 |    11 ||    29
         Peck              |    10 |     5 ||    15
         Short sword       |    33 |    44 ||    77
   Cast: Summon Small Mamm |    39 |    16 ||    55
         Call Canine Famil |       |     1 ||     1
   Stab: Sleeping          |     1 |     1 ||     2
 Armour: Robe              |    26 |    21 ||    47
  Dodge: Dodged            |    82 |    21 ||   103

Levels and vault maps discovered:
D:1:      minmay_arrival_jagged, layout_basic
D:2:      layout_basic
D:3:      layout_basic

Notes
Turn   | Place    | Note
-------+----------+-------------------------------------------
     0 | D:1      | Ruich the Tengu Summoner began the quest for the Orb.
     0 | D:1      | Reached XP level 1. HP: 10/10 MP: 4/4
    60 | D:1      | Reached skill level 5 in Summonings
   125 | D:1      | Reached XP level 2. HP: 9/15 MP: 3/6
   841 | D:2      | Reached XP level 3. HP: 19/19 MP: 7/7
  1590 | D:2      | Reached skill level 6 in Summonings
  1590 | D:2      | Reached XP level 4. HP: 24/24 MP: 6/9
  2330 | D:3      | Reached skill level 3 in Spellcasting
  2444 | D:2      | Learned a level 3 spell: Call Canine Familiar
  2449 | D:2      | Learned a level 4 spell: Summon Blazeheart Golem
  2490 | D:3      | Reached skill level 1 in Fire Magic
  2490 | D:3      | Reached XP level 5. HP: 21/28 MP: 5/10
  2502 | D:3      | Killed from afar by an orc priest

Vanquished Creatures
  4 adders (D:2)
  6 orcs (D:3)
  2 endoplasms
  3 giant cockroaches (D:2)
  3 goblins (D:2)
  5 hobgoblins
  5 jackals (D:2)
  3 kobolds (D:1)
  2 quokkas (D:1)
  A ball python (D:2)
  2 bats (D:2)
  2 frilled lizards (D:1)
  4 rats (D:2)
42 creatures vanquished.

Vanquished Creatures (collateral kills)
  An orc wizard (D:3)
  A dart slug (D:1)
  A bat (D:1)
  An endoplasm (D:1)
  A giant cockroach (D:1)
  A ball python (D:2)
  A frilled lizard (D:1)
  2 kobolds (D:1)
9 creatures vanquished.

Grand Total: 51 creatures vanquished

Table legend: (Time is in decaauts)
 A = Elapsed time spent in this place.
 B = Non-inter-level travel time spent in this place.
 C = Inter-level travel time spent in this place.
 D = Time resting spent in this place.
 E = Time spent auto-exploring this place.
 F = Levels seen in this place.
 G = Mean time per level.
                   A        B        C        D        E       F      G
               +--------+--------+--------+--------+--------+-----+--------+
         Total |   2501 |   2337 |    164 |    189 |   1525 |   3 |  833.7 |
       Dungeon |   2501 |   2337 |    164 |    189 |   1525 |   3 |  833.7 |
               +--------+--------+--------+--------+--------+-----+--------+

Top non-repeatable levels by time:
     D:2: 1349 daAuts
     D:1: 824 daAuts
     D:3: 328 daAuts

Table legend:
 A = Non-vault XP
 B = Vault XP
 C = Vault XP percentage of total XP
 D = Non-vault monster count
 E = Vault monster count
 F = Vault count percentage of total count
                 A         B        C        D         E       F
            +---------+---------+-------+---------+---------+-------
      Total |     176 |       0 |   0.0 |      51 |       0 |   0.0
            +---------+---------+-------+---------+---------+-------
        D:1 |      31 |       0 |   0.0 |      17 |       0 |   0.0
        D:2 |      90 |       0 |   0.0 |      26 |       0 |   0.0
        D:3 |      55 |       0 |   0.0 |       8 |       0 |   0.0
            +---------+---------+-------+---------+---------+-------
